 Dungeon Crawl Stone Soup version 0.28-a0-991-g956f0ee3d5 (webtiles) character file.

Game seed: 6665927738313424931

38 bearlyready the Chopper (level 3, -2/30 HPs)
             Began as a Hill Orc Gladiator on Dec 5, 2021.
             Slain by Grinder (5 damage)
             ... while paralysed by Grinder
             ... on level 3 of the Dungeon.
             The game lasted 00:01:40 (994 turns).

bearlyready the Chopper (Hill Orc Gladiator)         Turns: 994, Time: 00:01:41

Health: -2/30      AC: 12    Str: 18    XL:     3   Next: 43%
Magic:  3/3        EV:  2    Int:  8    God:
Gold:   21         SH:  0    Dex: 12    Spells: 2/2 levels left

rFire   . . .      SeeInvis .   a - +0 war axe
rCold   . . .      Faith    .   (no shield)
rNeg    . . .      Spirit   .   g - +3 chain mail
rPois   .          Reflect  .   c - +0 helmet
rElec   .          Harm     .   (no cloak)
rCorr   +          Rampage  .   (no gloves)
Will    .....                   (no boots)
Stlth   ..........              (no amulet)
HPRegen 0.10/turn               h - ring of resist corrosion
MPRegen 0.08/turn               (no ring)

@: paralysed
A: no striking features
a: no special abilities


You were on level 3 of the Dungeon.
You visited 1 branch of the dungeon, and saw 3 of its levels.

You collected 21 gold pieces.

Inventory:

Hand Weapons
 a - a +0 war axe (weapon)
Armour
 b - a +0 leather armour
 c - a +0 helmet (worn)
 f - a +0 ring mail
 g - a +3 chain mail (worn)
Jewellery
 h - a ring of resist corrosion (left hand)
Scrolls
 j - a scroll of vulnerability {unknown}
Potions
 e - a potion of ambrosia {unknown}
 i - a potion of haste {unknown}
 k - a potion of curing


   Skills:
 - Level 2.4 Fighting
 + Level 5.8 Axes
 - Level 1.7 Throwing
 - Level 2.4 Dodging


You had 2 spell levels left.
You didn't know any spells.
Your spell library contained the following spells:

 Spells                   Type           Power      Damage    Failure   Level
 Corpse Rot               Necr/Air       0%         N/A       100%        2
 Poisonous Vapours        Pois/Air       0%         N/A       100%        2
 Portal Projectile        Hex/Tloc       0%         N/A       100%        3
 Blade Hands              Tmut           0%         N/A       100%        5
 Excruciating Wounds      Necr           0%         N/A       100%        5


Dungeon Overview and Level Annotations

Branches:
Dungeon (3/15)

Altars:

Annotations:
D:3 Grinder


Message History

Grinder says, "FISH!"
Grinder struggles against the net.
You hit Grinder but do no damage.
Grinder is lightly wounded.
Grinder gestures at you. Pain shoots through your body!
Grinder struggles against the net.
You barely miss Grinder.
Grinder is lightly wounded.
Grinder struggles against the net.
You hit Grinder.
Grinder is moderately wounded.
Grinder struggles against the net.
You slash Grinder!
Grinder is heavily wounded.
Grinder struggles against the net.
The net rips apart, and Grinder comes free!
You slash Grinder!
Grinder is almost dead.
Grinder hits you.
You writhe in agony.
You closely miss Grinder.
Grinder is almost dead.
Grinder gestures at you. Pain shoots through your body!
You closely miss Grinder.
Grinder is almost dead.
Grinder blinks!
Grinder drinks a potion.
Grinder is healed!
You barely miss Grinder.
Grinder is severely wounded.
Grinder hits you but does no damage.
You hit Grinder but do no damage.
Grinder is severely wounded.
Grinder gestures at you.
You suddenly lose the ability to move!
Grinder hits you.
* * * LOW HITPOINT WARNING * * *
Grinder hits you but does no damage. Grinder hits you.
* * * LOW HITPOINT WARNING * * *
You writhe in agony.
You die...

<.# #.#
#.## #...
#..
#####.#
#.....#
#..#
#.##@.###
#(..5...#
####..###
....##
####.#
#$# #.#
#.# #.#


You could see Grinder.

Vanquished Creatures
  A gnoll (D:1)
  2 dart slugs (D:1)
  3 ball pythons
  An endoplasm (D:1)
  A giant cockroach (D:1)
  3 goblins (D:1)
  3 hobgoblins (D:1)
  4 quokkas
  3 bats (D:1)
21 creatures vanquished.

Notes
Turn   | Place    | Note
-------+----------+-------------------------------------------
     0 | D:1      | bearlyready the Hill Orc Gladiator began the quest for the
                  | Orb.
     0 | D:1      | Reached XP level 1. HP: 18/18 MP: 1/1
    47 | D:1      | Reached skill level 5 in Axes
    47 | D:1      | Reached XP level 2. HP: 20/25 MP: 2/2
   295 | D:1      | Reached XP level 3. HP: 29/30 MP: 3/3
   454 | D:1      | Found a faded altar of an unknown god.
   888 | D:2      | You fall into a shaft and drop 1 floor!
   888 | D:3      | Noticed Grinder
   889 | D:3      | Paralysed by Grinder for 5 turns
   898 | D:3      | Paralysed by Grinder for 2 turns
   991 | D:3      | Paralysed by Grinder for 7 turns
   994 | D:3      | Slain by Grinder

Illustrated notes

Levels and vault maps discovered:
D:1:      onia_arrival_pyramid, layout_basic,
          shapermc_ecumenical_altar_hornbeckon
D:2:      layout_loops_cross, minmay_unequal
D:3:      layout_loops_ring, nicolae_qazlal_eye_of_the_storm,
          mainiacjoe_overflow_concentric_impassable, serial_shops,
          nicolae_shop_crystal, grunt_ministairs_13, minivault_14,
          hangedman_decor_slide_cut, uniq_grinder, uniq_ijyb

Skill      XL: |  1 |
---------------+----+-----
Axes           | 5 |  5.8
Fighting       | |  2.4
Throwing       | |  1.7
Dodging        | |  2.4

Action                   || total
-------------------------++-------
Melee: War axe           ||    51
Throw: Throwing net      ||     3
Armor: Leather armour    ||     9
       Chain mail        ||    11
       Ring mail         ||     3
Dodge: Dodged            ||    19

Table legend: (Time is in decaauts)
 A = Elapsed time spent in this place.
 B = Non-inter-level travel time spent in this place.
 C = Inter-level travel time spent in this place.
 D = Time resting spent in this place.
 E = Time spent auto-exploring this place.
 F = Levels seen in this place.
 G = Mean time per level.
                   A        B        C        D        E       F      G
               +--------+--------+--------+--------+--------+-----+--------+
         Total |   1011 |   1007 |      4 |     75 |    745 |   3 |  337.0 |
       Dungeon |   1011 |   1007 |      4 |     75 |    745 |   3 |  337.0 |
               +--------+--------+--------+--------+--------+-----+--------+

Top non-repeatable levels by time:
     D:1: 836 daAuts
     D:2: 143 daAuts
     D:3: 31 daAuts
